 Dungeon Crawl Stone Soup version 0.22.1-1-ga44c0e56f4 (webtiles) character file.

42 Grim the Gusty (level 3, -2/17 HPs)
             Began as a Deep Elf Air Elementalist on Oct 22, 2018.
             Slain by Robin
             ... wielding a +0 whip of draining
              (5 damage)
             ... on level 2 of the Dungeon.
             The game lasted 00:04:52 (1101 turns).

Grim the Gusty (Deep Elf Air Elementalist)          Turns: 1101, Time: 00:04:53

Health: -2/17      AC:  2    Str:  8    XL:     3   Next: 33%
Magic:  2/9        EV: 12    Int: 19    God:
Gold:   65         SH:  0    Dex: 15    Spells: 7/8 levels left

rFire    . . .     SeeInvis .   b - +0 dagger
rCold    . . .     Gourm    .   (no shield)
rNeg     . . .     Faith    .   a - +0 robe
rPois    .         Spirit   .   (no helmet)
rElec    .         Reflect  .   (no cloak)
rCorr    .         Harm     .   (no gloves)
MR       .....                  (no boots)
Stlth    ++........             (no amulet)
HPRegen  0.05/turn              (no ring)
MPRegen  0.11/turn              (no ring)

@: very slightly contaminated, drained
A: frail 1, strong 1
a: no special abilities


You were on level 2 of the Dungeon.
You were not hungry.

You visited 1 branch of the dungeon, and saw 2 of its levels.

You collected 65 gold pieces.

Inventory:

Hand Weapons
 b - a +0 dagger (weapon)
Armour
 a - a +0 robe (worn)
Potions
 d - a potion of curing {unknown}
 e - a potion of mutation
 f - 2 potions of heal wounds {unknown}
Comestibles
 c - a ration
 g - a chunk of flesh


   Skills:
 - Level 2.4(1.4) Dodging
 - Level 2.4(1.4) Stealth
 - Level 3.0(1.9) Spellcasting
 + Level 2.6(1.6) Conjurations
 + Level 3.8(2.7) Air Magic


You had 7 spell levels left.
You knew the following spells:

 Your Spells              Type           Power        Failure   Level  Hunger
a - Shock                 Conj/Air       ##..         7%          1    #......

Your spell library contained the following spells:

 Spells                   Type           Power        Failure   Level  Hunger
 Swiftness                Chrm/Air       #.......     14%         2    ###....
 Static Discharge         Conj/Air       ##......     21%         3    ###....
 Airstrike                Air            ##........   47%         4    #####..
 Lightning Bolt           Conj/Air       ##........   88%         5    ######.


Dungeon Overview and Level Annotations

Branches:
Dungeon (2/15)

Altars:

Annotations:
D:2 Robin


Innate Abilities, Weirdness & Mutations

You are frail. (-10% HP)
Your muscles are strong. (Str +2)


Message History

Robin is heavily wounded.
The zap misses the hobgoblin.
Robin hits you with a whip of draining.
You feel drained.
Casting: Shock (safe; 6% risk of failure)
Confirm with . or Enter, or press ? or * to list all spells.
Aiming: Shock (safe; 6% risk of failure)
Press: ? - help, Shift-Dir - straight line, f/p - hobgoblin
Aim: a hobgoblin (severely wounded, unusually strong)
The zap hits Robin.
Robin is severely wounded.
The zap hits the hobgoblin.
The hobgoblin is almost dead.
Robin hits you with a whip of draining.
* * * LOW HITPOINT WARNING * * *
You feel drained.
* * * LOW HITPOINT WARNING * * *
It was a potion of mutation.
You feel extremely strange.
You feel frail.
You feel stronger. Robin hits you with a whip of draining.
You die...

≈≈≈ ♣♣♣.......÷....#
≈.≈PP♣.P)...........#
)≈g≈g≈≈...#.........#
.≈.♣♣P♣♣###.........#
♣ #.........#
##.######## #g# #g#
#@# #.# #.# #.# #.#
#.# #.# #.#


You could see Robin and a hobgoblin.

Vanquished Creatures
  A dart slug (D:1)
  16 goblins
  5 hobgoblins (D:1)
  A ball python (D:2)
  6 bats (D:1)
  2 frilled lizards (D:1)
  2 kobolds (D:1)
  2 rats
  2 toadstools (D:1)
37 creatures vanquished.

Vanquished Creatures (others)
  2 toadstools (D:1)
2 creatures vanquished.

Grand Total: 39 creatures vanquished

Notes
Turn   | Place    | Note
-------+----------+-------------------------------------------
     0 | D:1      | Grim the Deep Elf Air Elementalist began the quest for the
                  | Orb.
     0 | D:1      | Reached XP level 1. HP: 10/10 MP: 6/6
   194 | D:1      | Reached XP level 2. HP: 15/15 MP: 5/8
   721 | D:2      | Reached XP level 3. HP: 19/19 MP: 6/9
   769 | D:2      | Noticed Robin
  1101 | D:2      | Gained mutation: You are frail. (-10% HP) [potion of
                  | mutation]
  1101 | D:2      | Gained mutation: Your muscles are strong. (Str +2) [potion
                  | of mutation]
  1101 | D:2      | Slain by Robin

Skill      XL: |  1  2 |
---------------+-------+-----
Conjurations   | 2 |  2.6
Dodging        | |  2.4
Stealth        | |  2.4
Spellcasting   | |  3.0
Air Magic      | |  3.8

Action                   || total
-------------------------++-------
 Cast: Shock             ||    56
  Use: Potion            ||     1
Armor: Robe              ||     8
Dodge: Dodged            ||    37
